AoeStats
← AoEBoB11

Arena

509741828Analyzed
1v1 RM · 3d ago on Sep 27, 2026· 39m 51s· 2 players
Game mode
Random Map
Map size
Tiny (2 player)
Population
200
Speed
Normal
Resources
Standard
Victory
Conquest
Starting age
Dark Age
Ending age
Imperial Age
RankedLock teamsTeams togetherTeam positionsShared explorationLock speedFull tech treeHidden civsTurbo modeCheats
Victory
Defeat
🇬🇧 Saxons · United Kingdom
909
+16
🇮🇹 Huns · Italy
905
-16
bonum90
5:11 Loom
11:35 Feudal Age
12:12 Double-Bit Axe
12:09 Horse Collar
11:52 Man-at-Arms
18:53 Castle Age
21:40 Gold Mining
27:49 Imperial Age
26:50 Murder Holes
27:16 Ballistics
28:20 Masonry
30:43 Cavalier
35:26 Long Swordsman
AoEBoB11
12:12 Feudal Age
13:02 Double-Bit Axe
13:39 Horse Collar
16:09 Castle Age
15:19 Wheelbarrow
17:12 Bow Saw
17:09 Heavy Plow
18:23 Hand Cart
23:43 Scale Mail Armor
23:54 Forging
23:37 Loom
26:31 Fletching
28:12 Iron Casting
28:44 Chain Mail Armor
31:22 Gambesons
31:38 Squires
33:07 Squires
32:53 Arson
36:19 Imperial Age
38:01 Conscription
37:30 Elite Varangian Guard
Connection lost

Rejoining the realm…

Still unreachable

The connection could not be restored.

Session expired

The server has moved on; the page needs a fresh start.